AoeStats
← GladiusDecimus

Golden Pit

510010569Analyzed
1v1 RM · 4d ago on Sep 29, 2026· 55m 58s· 2 players
Game mode
Random Map
Map size
Tiny (2 player)
Population
200
Speed
Normal
Resources
Standard
Victory
Conquest
Starting age
Dark Age
Ending age
Imperial Age
RankedLock teamsTeams togetherTeam positionsShared explorationLock speedFull tech treeHidden civsTurbo modeCheats
Victory
Defeat
🇺🇸 Saxons · United States
891
+14
🇺🇸 Turks · United States
855
-14
Sweethollowdan88
0:37 Loom
11:53 Feudal Age
12:29 Double-Bit Axe
12:34 Town Watch
12:41 Horse Collar
15:45 Wheelbarrow
22:12 Castle Age
26:27 Fletching
34:37 Bodkin Arrow
43:23 Imperial Age
53:26 Thumb Ring
GladiusDecimus
10:04 Loom
12:13 Feudal Age
13:03 Double-Bit Axe
13:00 Horse Collar
12:45 Man-at-Arms
13:11 Arson
15:37 Town Watch
19:50 Castle Age
18:35 Scale Mail Armor
20:34 Wheelbarrow
19:55 Gold Mining
21:12 Chain Mail Armor
21:58 Town Patrol
22:57 Bow Saw
25:32 Squires
24:53 Pikeman
25:19 Gambesons
29:58 Elite Skirmisher
31:31 Hand Cart
31:33 Thumb Ring
33:27 Fletching
33:38 Padded Archer Armor
48:24 Imperial Age
50:43 Light Cavalry
55:53 Spies/Treason
Connection lost

Rejoining the realm…

Still unreachable

The connection could not be restored.

Session expired

The server has moved on; the page needs a fresh start.